 Dungeon Crawl Stone Soup version 0.18-a0-912-g81d1dc4 (webtiles) character file.

2676 JokEr the Grappler (level 9, -5/86 HPs)
             Began as a Ghoul Monk on Dec 24, 2015.
             Was an Elder of Ru.
             Slain by Gastronok (32 damage)
             ... on level 9 of the Dungeon on Dec 25, 2015.
             The game lasted 00:22:12 (8176 turns).

JokEr the Grappler (Ghoul Monk)                     Turns: 8176, Time: 00:22:12

Health: -5/86      AC:  9    Str: 25    XL:     9   Next: 64%
Magic:  4/8        EV:  9    Int:  5    God:    Ru [****..]
Gold:   261        SH:  0    Dex: 11    Spells: 0 memorised, 8 levels left

rFire  . . .     SeeInvis .       - Unarmed
rCold  + . .     Gourm    .     r - +0 chain mail
rNeg   + + +     Faith    .     (shield unavailable)
rPois  ∞         Spirit   .     h - +1 hat {MR+}
rElec  .         Dismiss  .     (no cloak)
rCorr  .         Reflect  .     (no gloves)
SustAt .         Harm     .     (no boots)
MR     +....                    s - amulet of regeneration
Stlth  ..........               m - +2 ring of strength
                                (ring unavailable)

@: mighty, exhausted, rotting, slowed, very slow, somewhat resistant to hostile
enchantments, extremely unstealthy
A: rotting body, claws 1, carnivore 3, cold resistance 1, negative energy
resistance 3, slow regeneration 1, torment resistance, unbreathing, missing a
hand, no charms magic, no hexes magic, no ice magic
a: Draw Out Power, Power Leap, Renounce Religion


You were on level 9 of the Dungeon.
You worshipped Ru.
Ru was greatly pleased with you.
You were not hungry.

You visited 1 branch of the dungeon, and saw 9 of its levels.
You also visited: Ossuary.

You collected 636 gold pieces.
You spent 375 gold pieces at shops.

Inventory:

Armour
 h - a +1 hat of magic resistance (worn)
 r - a +0 chain mail (worn)
Jewellery
 m - a +2 ring of strength (right claw)
 o - an uncursed ring of protection from fire
 s - an amulet of regeneration (around neck)
Wands
 c - a wand of digging (13/24)
 k - a wand of draining (5/15)
 n - a wand of enslavement (6/24)
 v - a wand of slowing (30/48)
 y - a wand of cold (8/15)
Scrolls
 g - 6 scrolls of remove curse
 l - a scroll of fog
 q - 2 scrolls of recharging
 t - a scroll of fear
Potions
 a - 2 potions of might
 e - a potion of agility {unknown}
 i - 3 potions of haste
 p - 2 potions of curing
 x - 3 potions of flight {unknown}
 z - a potion of lignification {unknown}
 A - 2 potions of ambrosia {unknown}
 B - a potion of beneficial mutation {unknown}
Comestibles
 b - 5 meat rations
 d - a slice of pizza
 f - 5 beef jerkies
 j - a royal jelly


   Skills:
 + Level 10.5 Fighting
 - Level 2.6 Dodging
 - Level 2.1 Stealth
 + Level 10.7 Unarmed Combat


You had 8 spell levels left.
You didn't know any spells.

Dungeon Overview and Level Annotations

Branches:
Dungeon (9/15)             Temple (0/1) D:7
   Lair: D:8-11         Orc: D:9-12

Altars:
Ashenzari
Dithmenos
Fedhas
Gozag
Kikubaaqudgha
Nemelex Xobeh
Pakellas
Ru
Trog
Xom
Yredelemnul
The Shining One

Shops:
D:4 =   D:5 :   D:7 ==   D:8 :

Annotations:
D:9 Gastronok


Innate Abilities, Weirdness & Mutations

Your body is rotting away.
You thrive on raw meat.
You are immune to poison.
You have sharp fingernails.
You are carnivorous and can eat meat at any time.
Your flesh is cold resistant.
You are immune to negative energy.
You regenerate slowly when monsters are visible.
You are immune to unholy pain and torment.
You can survive without breathing.
You are missing a hand.
You cannot study or cast Charms magic.
You cannot study or cast Hexes magic.
You cannot study or cast Ice magic.


Message History

Found 6 arrows.
You mangle Gastronok!!
Gastronok is moderately wounded.
You claw Gastronok!
Gastronok is moderately wounded.
Gastronok begins to cast a spell, but is stunned by your will!
You scratch Gastronok.
Gastronok is moderately wounded.
Gastronok bites you!
You completely miss Gastronok.
Gastronok is moderately wounded.
You claw Gastronok!
Gastronok is heavily wounded.
Gastronok bites you!!
* * * LOW HITPOINT WARNING * * *
Drink which item? (? for menu, Esc to quit)
You feel better.
Drink which item? (? for menu, Esc to quit)
You feel better. Gastronok bites you!!
You die...

### ..# #.# ##
#.# (.
#####.###.####.
#......@w......
#.###.###......
# #.# #.# ###..
#.###.###.#
#..<......#
#####.##### #.#
#.# #..


You could see Gastronok.

Vanquished Creatures
  A hippogriff (D:8)
  A sky beast (D:8)
  An ice beast (D:8)
  Duvessa (D:4)
  A wasp (D:8)
  The ghost of filipzpl the Poker, an amateur MiBe of Trog (D:3)
  A black bear (D:7)
  4 ogres
  A centaur (D:6)
  4 giant frogs
  3 water moccasin zombies (Ossuary)
  Dowan (D:4)
  A centaur zombie (D:7)
  A giant frog zombie (D:5)
  3 crimson imps
  A jelly (D:6)
  4 orc priests
  4 orc wizards
  2 iguanas
  A quasit (D:8)
  5 hounds
  6 worker ants
  2 big kobold zombies (Ossuary)
  2 hound skeletons (D:4)
  2 mummies (Ossuary)
  6 adders
  A shadow imp (D:6)
  3 oozes
  7 adder zombies
  5 worms
  5 giant geckos
  24 orcs
  5 bats
  A bat zombie (D:8)
  5 giant cockroaches
  3 gnoll zombies (Ossuary)
  9 hobgoblins
  7 jackals
  3 quokkas
  4 ball pythons
  A giant gecko skeleton (D:4)
  3 giant newts
  7 goblins
  8 hobgoblin zombies (Ossuary)
  A jackal zombie (D:5)
  3 kobolds
  7 kobold zombies (Ossuary)
  2 orc zombies (Ossuary)
  10 rats
  A rat zombie (D:8)
185 creatures vanquished.

Notes
Turn   | Place    | Note
--------------------------------------------------------------
     0 | D:1      | JokEr the Ghoul Monk began the quest for the Orb.
     0 | D:1      | Reached XP level 1. HP: 19/19 MP: 0/0
   475 | D:1      | Reached XP level 2. HP: 26/26 MP: 1/1
  1010 | D:2      | Reached XP level 3. HP: 16/32 MP: 2/2
  1254 | D:2      | Reached skill level 5 in Unarmed Combat
  1306 | D:2      | Found a sacrificial altar of Ru.
  1321 | D:2      | Became a worshipper of Ru the Awakened
  1342 | D:2      | Gained mutation: You are missing a hand. [Ru sacrifice]
  1342 | D:2      | Reached * piety under Ru
  1342 | D:2      | Reached ** piety under Ru
  1342 | D:2      | Reached *** piety under Ru
  1840 | D:3      | Noticed filipzpl's ghost (amateur MiBe)
  1858 | D:3      | Reached XP level 4. HP: 33/41 MP: 3/3
  1878 | D:3      | Killed filipzpl's ghost
  1878 | D:3      | Reached skill level 5 in Fighting
  1878 | D:3      | Reached XP level 5. HP: 12/48 MP: 4/4
  2209 | D:3      | Found a shadowy altar of Dithmenos.
  2434 | D:3      | Found an oddly glowing altar of Pakellas.
  2435 | D:3      | Found a blossoming altar of Fedhas.
  2850 | D:4      | Found Vori's Jewellery Shoppe.
  2857 | D:4      | Reached skill level 6 in Unarmed Combat
  2944 | D:4      | Bought a +2 ring of strength for 75 gold pieces
  2992 | D:4      | Reached XP level 6. HP: 49/55 MP: 5/5
  3239 | D:4      | Noticed Duvessa
  3240 | D:4      | Noticed Dowan
  3260 | D:4      | Killed Duvessa
  3286 | D:4      | Killed Dowan
  3286 | D:4      | Reached skill level 7 in Unarmed Combat
  3286 | D:4      | Reached XP level 7. HP: 32/63 MP: 6/6
  4023 | D:4      | Gained mutation: You cannot study or cast Ice magic. [Ru sacrifice]
  4023 | D:4      | Gained mutation: You cannot study or cast Hexes magic. [Ru sacrifice]
  4023 | D:4      | Gained mutation: You cannot study or cast Charms magic. [Ru sacrifice]
  4023 | D:4      | Reached **** piety under Ru
  4098 | D:5      | Entered Level 5 of the Dungeon
  4106 | D:5      | Found a shimmering altar of Xom.
  4155 | D:5      | Found a shattered altar of Ashenzari.
  4691 | D:5      | Reached skill level 8 in Unarmed Combat
  4691 | D:5      | Reached XP level 8. HP: 35/74 MP: 7/7
  5126 | D:5      | Found Jeipt's Book Shop.
  5249 | D:5      | Found a bloodstained altar of Trog.
  5564 | D:6      | Found a sparkling altar of Nemelex Xobeh.
  6364 | D:6      | Reached skill level 9 in Unarmed Combat
  6476 | D:7      | Found a staircase to the Ecumenical Temple.
  6539 | D:7      | Found Fukh's Jewellery Shoppe.
  6553 | D:7      | Bought an uncursed amulet of regeneration for 300 gold pieces
  6658 | D:7      | Reached XP level 9. HP: 82/82 MP: 8/8
  6673 | D:7      | Found Peivepi's Jewellery Shop.
  6885 | D:8      | Found an opulent altar of Gozag.
  7019 | D:8      | Upgraded the game from 0.18-a0-900-gbbf5c82 to 0.18-a0-912-g81d1dc4
  7081 | D:8      | Found a glowing golden altar of the Shining One.
  7083 | D:8      | Noticed an angel
  7113 | D:8      | Found a basalt altar of Yredelemnul.
  7115 | D:8      | Noticed a profane servitor
  7137 | D:8      | Found Hugox's Book Emporium.
  7146 | D:8      | Reached skill level 10 in Unarmed Combat
  7169 | D:8      | Found a sand-covered staircase.
  7279 | D:8      | Reached skill level 10 in Fighting
  7447 | Ossuary  | Entered an ossuary
  7826 | D:8      | Found an ancient bone altar of Kikubaaqudgha.
  8163 | D:9      | Noticed Gastronok
  8176 | D:9      | Slain by Gastronok

Vault maps used:
D:1:      minmay_arrival_semitransparent
D:2:      hangedman_ru_absence, first_bread
D:3:      lemuel_crystal_altar, grunt_temple_overflow_open
D:4:      serial_shops, shop, uniq_duvessa
D:5:      kennysheep_mini, lightli_temple_of_fire, serial_shops, shop,
          nicolae_ashenzari_panopticon
D:6:      kennysheep_little_box
D:7:      minmay_temple_entry_grid, serial_shops, shop,
          nicolae_shop_competitors_out_of_business
D:8:      grunt_temple_overflow_holy_war, lemuel_zombie_altar_kikubaaqudgha,
          nicolae_ossuary_entry_false_entrances, basic_altar, serial_shops, shop
D:9:      lemuel_round_altar, uniq_psyche, uniq_gastronok
Ossuary:  ossuary_tomb_2

Action                   |  1- 3 |  4- 6 |  7- 9 || total
-------------------------+-------+-------+-------++-------
Melee: Unarmed           |   120 |   142 |   438 ||   700
Invok: Sacrifice a Hand  |     1 |       |       ||     1
       Draw Out Power    |       |     1 |     1 ||     2
       Sacrifice Arcana  |       |       |     1 ||     1
       Power Leap        |       |       |     1 ||     1
       Reject Sacrifices |       |       |     1 ||     1
  Use: Scroll            |     4 |     1 |    14 ||    19
       Potion            |       |     3 |     3 ||     6
 Stab: Sleeping          |     1 |       |       ||     1
       Invisible         |       |     4 |     5 ||     9
       Distracted        |       |       |     2 ||     2
  Eat: Chunk             |    11 |     3 |    48 ||    62
